 Dungeon Crawl Stone Soup version 0.28.0-45-g0d030f2227 (webtiles) character file.

Game seed: 14864278752443592164

48 pkoi the Twirler (level 3, -2/29 HPs)
             Began as a Demigod Gladiator on Apr 8, 2022.
             Slain by a goblin
             ... wielding a +2 dagger of electrocution
              (11 damage)
             ... on level 2 of the Dungeon.
             The game lasted 00:00:49 (764 turns).

pkoi the Twirler (Demigod Gladiator)                 Turns: 764, Time: 00:00:50

Health: -2/29      AC:  4    Str: 15    XL:     3   Next: 30%
Magic:  5/5        EV: 12    Int: 14    God:
Gold:   27         SH:  0    Dex: 15    Spells: 2/2 levels left

rFire   . . .      SeeInvis .   a - +0 quarterstaff
rCold   . . .      Faith    .   (shield currently unavailable)
rNeg    . . .      Spirit   .   b - +0 leather armour
rPois   .          Reflect  .   c - +0 helmet
rElec   .          Harm     .   (no cloak)
rCorr   .          Rampage  .   (no gloves)
Will    .....                   (no boots)
Stlth   +.........              (no amulet)
HPRegen 0.09/turn               (no ring)
MPRegen 0.09/turn               (no ring)

@: no status effects
A: high MP 1, forlorn, divine attributes
a: no special abilities


You were on level 2 of the Dungeon.
You visited 1 branch of the dungeon, and saw 2 of its levels.

You collected 27 gold pieces.

Inventory:

Hand Weapons
 a - a +0 quarterstaff (weapon)
Missiles
 d - 3 throwing nets (quivered)
 f - 2 boomerangs
Armour
 b - a +0 leather armour (worn)
 c - a +0 helmet (worn)
Scrolls
 g - a scroll of identify {unknown}
Potions
 e - a potion of attraction {unknown}
 h - a potion of mutation {unknown}


   Skills:
 - Level 1.7 Fighting
 * Level 4.1 Staves
 - Level 1.7 Throwing
 - Level 2.6 Dodging


You had 2 spell levels left.
You didn't know any spells.
Your spell library was empty.

Dungeon Overview and Level Annotations

Branches:
Dungeon (1/15)


Innate Abilities, Weirdness & Mutations

You have an increased reservoir of magic. (+10% MP)
You shall have no god before yourself.
Your divine heritage dramatically boosts your attributes as you level up.


Message History

You hit Jessica.
Jessica is heavily wounded.
Jessica hits you with a +0 club.
You hit Jessica.
Jessica is almost dead.
Jessica looks very angry.
Jessica mumbles some strange words.
Jessica seems to speed up.
You sock Jessica!
You kill Jessica!
Your Staves skill increases to level 4!
You have reached level 3!
Your experience leads to a dramatic increase in your attributes!
Increase (S)trength, (I)ntelligence, or (D)exterity?
You feel clever. x4
You start resting.
HP restored.
Things that are here:
a +0 club; a +0 robe of willpower
Found an escape hatch in the floor.
You now have 27 gold pieces (gained 10).
You open the door.
A kobold comes into view. It is wielding a +0 whip.
The kobold shouts!
There is an open door here.
You closely miss the kobold. The kobold barely misses you.
You sock the kobold!
You kill the kobold!
You see here a +0 whip.
You open the door.
There is an open door here.
Found a stone staircase leading down.
A goblin comes into view.
It is wielding a +2 dagger of electrocution.
You hit the goblin but do no damage. The goblin hits you but does no damage.
You are electrocuted!!
Ouch! That really hurt!
* * * LOW HITPOINT WARNING * * *
You closely miss the goblin. The goblin hits you but does no damage.
You are electrocuted!
You die...

#.# #.# ###.### +#
#.....# ..## #.#.#.#
...## #.#.#.# ....##
##.#.#.# #
.....####....#.#####....
.....'..........@g......
.....####...##>#####....
....## ##..##.# . ...##
#.....# ).## .....## '##
###...# .# ##..# .# #..#
.##


You could see a goblin.

Vanquished Creatures
  Jessica (D:2)
  A dart slug (D:1)
  2 endoplasms (D:1)
  A giant cockroach (D:1)
  6 goblins
  2 hobgoblins (D:1)
  2 bats
  A frilled lizard (D:1)
  2 kobolds (D:2)
  A rat (D:1)
19 creatures vanquished.

Notes
Turn   | Place    | Note
-------+----------+-------------------------------------------
     0 | D:1      | pkoi the Demigod Gladiator began the quest for the Orb.
     0 | D:1      | Reached XP level 1. HP: 17/17 MP: 3/3
   145 | D:1      | Reached skill level 3 in Staves
   243 | D:1      | Reached XP level 2. HP: 24/24 MP: 4/4
   642 | D:1      | You fall into a shaft and drop 1 floor!
   688 | D:2      | Noticed Jessica
   693 | D:2      | Killed Jessica
   694 | D:2      | Reached skill level 4 in Staves
   694 | D:2      | Reached XP level 3. HP: 28/29 MP: 5/5
   764 | D:2      | Slain by a goblin

Illustrated notes

Levels and vault maps discovered:
D:1:      co_arrival_square_in_a_square_in_a_square, layout_rooms,
          serial_forest, infiniplex_forest_lined_room_3,
          infiniplex_forest_clump_small, infiniplex_forest_corner_1,
          infiniplex_forest_clump_long, infiniplex_forest_corner_1,
          infiniplex_forest_end_3, infiniplex_forest_end_2,
          infiniplex_forest_end_1, infiniplex_forest_straight_2,
          infiniplex_forest_zigzag_1, grunt_decor_fettered, hex_tiny
D:2:      layout_loops_corners, basic_altar, uniq_jessica, uniq_terence

Skill      XL: |  1  2 |
---------------+-------+-----
Staves         | 3 4 |  4.1
Fighting       | |  1.7
Throwing       | |  1.7
Dodging        | |  2.6

Action                   || total
-------------------------++-------
Melee: Quarterstaff      ||    53
 Stab: Sleeping          ||     1
Armor: Leather armour    ||    17
Dodge: Dodged            ||    31
